 Dungeon Sprint DCSS version 0.21.0-25-ge575cb9 (webtiles) character file.

142 wojtek the Cleaver (level 5, -1/76 HPs)
             Began as a Minotaur Berserker on Jan 25, 2018.
             Was a Priest of Trog.
             Slain by a wizard
             ... wielding a +0 dagger
              (5 damage)
             ... in the Dungeon (Sprint III: "The Ten Rune Challenge").
             The game lasted 00:00:41 (285 turns).

wojtek the Cleaver (Minotaur Berserker)              Turns: 285, Time: 00:00:42

Health: -1/76      AC: -12   Str: 28    XL:     5   Next: 3%
Magic:  4/4        EV: 13    Int:  4    God:    Trog [***...]
Gold:   25         SH:  0    Dex:  9    Spells: 4/4 levels left

rFire    . . .     SeeInvis .   a - +0 hand axe
rCold    . . .     Gourm    .   (no shield)
rNeg     . . .     Faith    .   j - +0 ring mail
rPois    .         Spirit   .   (helmet restricted)
rElec    .         Reflect  .   k - +0 cloak
rCorr    .         Harm     .   (no gloves)
MR       .....     NoTele   +   (no boots)
Stlth    ..........             (no amulet)
HPRegen  0.22/turn              (no ring)
MPRegen  0.09/turn              (no ring)

@: berserking, corroded, very quick
A: retaliatory headbutt, horns 2
a: Berserk, Trog's Hand, Burn Spellbooks, Renounce Religion


You were in the Dungeon.
You worshipped Trog.
Trog was most pleased with you.
You were hungry.

You visited 1 branch You collected 25 gold pieces.

Inventory:

Hand Weapons
 a - a +0 hand axe (weapon)
Armour
 j - a +0 ring mail (worn)
 k - a +0 cloak (worn)
Scrolls
 i - a scroll of blinking
 m - a scroll of holy word {unknown}
 n - a scroll of fear {unknown}
 o - 4 scrolls of remove curse
 p - a scroll of torment {unknown}
 q - a scroll of identify {unknown}
Potions
 d - a potion of curing
 e - 3 potions of heal wounds
 f - a potion of haste
 g - 2 potions of magic
 h - a potion of berserk rage
 l - 4 potions of mutation {unknown}
 r - 2 potions of flight
Comestibles
 b - 3 chunks of flesh
 c - 3 rations


   Skills:
 + Level 6.4 Fighting
 * Level 8.4 Axes
 + Level 5.8 Armour
 + Level 5.3 Dodging


You had 4 spell levels left.
You didn't know any spells.

Dungeon Overview and Level Annotations

Branches:
Dungeon (1/1)

Altars:
Kikubaaqudgha
Sif Muna
Vehumet


Innate Abilities, Weirdness & Mutations

You reflexively headbutt those who attack you in melee.
You have a pair of horns on your head.


Message History

The rust devil hits you! The rust devil corrodes you!
The wizard gestures at you while chanting.
The bolt of cold hits you!
A red film seems to cover your vision as you go berserk!
You feel yourself moving faster!
You feel mighty!
You are feeling hungry.
The rust devil hits you!
* * * LOW HITPOINT WARNING * * *
The rust devil corrodes you! The wizard hits you with a dagger.
* * * LOW HITPOINT WARNING * * *
You hit the wizard.
The wizard is almost dead.
You hit the rust devil but do no damage.
You hit the wizard but do no damage. Your headbutt misses the wizard.
The wizard is almost dead.
You hit the rust devil but do no damage.
The rust devil hits you!
* * * LOW HITPOINT WARNING * * *
The rust devil corrodes you! The wizard hits you with a dagger.
You die...

.#......#####..#
##...[...#..#..#
.##.##...#..#..###+#+###
.##.###..##'#..#........
####.##..###...'.⌠......
##..##..####...#...####
....##..###....#.⌠.#
#..##...##.....#...#
..##....#.)....#@###
.###..##.#.....#4p.# .#
#..#####....#K__# ▓▓
▓▓▓▓ ▓▓▓▓▓▓▓▓▓▓


You could see a rust devil, a wizard and a kobold demonologist.

Vanquished Creatures
  A water elemental (D)
  Crazy Yiuf (D)
  Jessica (D)
  A human (D)
  2 oozes (D)
  A rat (D)
7 creatures vanquished.

Vanquished Creatures (others)
  A draconian scorcher (D)
  A yaktaur (D)
  6 hellions (D)
  3 plants (D)
11 creatures vanquished.

Grand Total: 18 creatures vanquished

Notes
Turn   | Place    | Note
-------+----------+-------------------------------------------
     0 | D        | wojtek the Minotaur Berserker began the quest for the Orb.
     0 | D        | Reached XP level 1. HP: 19/19 MP: 0/0
    10 | D        | Reached skill level 4 in Axes
    15 | D        | Reached XP level 2. HP: 18/27 MP: 1/1
    60 | D        | Killed a yaktaur
    89 | D        | Noticed Jessica
    91 | D        | Killed a hellion
    94 | D        | Killed Jessica
    94 | D        | Reached ** piety under Trog
    94 | D        | Reached skill level 6 in Axes
    94 | D        | Reached XP level 3. HP: 31/35 MP: 2/2
    94 | D        | Killed a hellion
   127 | D        | Noticed Crazy Yiuf
   131 | D        | Killed Crazy Yiuf
   131 | D        | Reached skill level 5 in Fighting
   133 | D        | Reached *** piety under Trog
   133 | D        | Reached skill level 7 in Axes
   133 | D        | Reached skill level 5 in Armour
   133 | D        | Reached XP level 4. HP: 44/44 MP: 3/3
   137 | D        | Killed a hellion
   137 | D        | Killed a hellion
   152 | D        | Killed a hellion
   207 | D        | Noticed a water elemental
   210 | D        | Killed a water elemental
   210 | D        | Reached skill level 8 in Axes
   210 | D        | Reached skill level 5 in Dodging
   210 | D        | Reached XP level 5. HP: 51/51 MP: 4/4
   227 | D        | Killed a white draconian scorcher
   238 | D        | Killed a hellion
   275 | D        | Found a radiant altar of Vehumet.
   275 | D        | Found a deep blue altar of Sif Muna.
   275 | D        | Found an ancient bone altar of Kikubaaqudgha.
   277 | D        | Noticed a rust devil
   285 | D        | Slain by a wizard

Skill      XL: |  1  2  3  4 |
---------------+-------------+-----
Fighting       | 4 5 6 |  6.4
Axes           | 4 6 7 8 |  8.4
Armour         | 3 4 5 |  5.8
Dodging        | 3 4 5 |  5.3

Action                   |  1- 3 |  4- 6 || total
-------------------------+-------+-------++-------
Melee: Hand axe          |    14 |    10 ||    24
       Headbutt          |     4 |     1 ||     5
Invok: Berserk           |     1 |     2 ||     3
Armor: Ring mail         |     1 |     3 ||     4
Dodge: Dodged            |     7 |     5 ||    12
